 Dungeon Crawl Stone Soup version 0.19.0-19-g8c6edcc (webtiles) character file.

40873 magipi the Destroyer (level 14, -4/88 HPs)
             Began as a Tengu Conjurer on Nov 13, 2016.
             Was a High Priest of Vehumet.
             Slain by an entropy weaver (10 damage)
             ... on level 4 of the Lair of Beasts on Nov 14, 2016.
             The game lasted 02:09:54 (24052 turns).

magipi the Destroyer (Tengu Conjurer)              Turns: 24052, Time: 02:09:54

Health: -4/88      AC: -3    Str:  8    XL:     14   Next: 12%
Magic:  28/28      EV: 23    Int: 19    God:    Vehumet [*****.]
Gold:   940        SH:  0    Dex: 17    Spells: 4 memorised, 19 levels left

rFire  + . .     SeeInvis .     a - +0 war axe (distort)
rCold  + . .     Gourm    .     x - +2 robe {rC+}
rNeg   . . .     Faith    .     (no shield)
rPois  .         Spirit   .     q - +2 hat
rElec  .         Reflect  .     (no cloak)
rCorr  .         Harm     .     (no gloves)
MR     +....                    (boots unavailable)
Stlth  ++........               r - amulet of regeneration
                                f - ring of protection from fire
                                T - +3 ring of protection

@: corroded, flying quickly and evasively, quick
A: beak, talons 3, able to fly 2
a: Stop Flying, Renounce Religion


You were on level 4 of the Lair of Beasts.
You worshipped Vehumet.
Vehumet was extremely pleased with you.
You were not hungry.

You visited 4 branches of the dungeon, and saw 19 of its levels.

You collected 940 gold pieces.

Notes
Turn   | Place    | Note
-------+----------+-------------------------------------------
     0 | D:1      | magipi the Tengu Conjurer began the quest for the Orb.
     0 | D:1      | Reached XP level 1. HP: 10/10 MP: 4/4
   232 | D:1      | Reached XP level 2. HP: 15/15 MP: 0/6
   296 | D:1      | Learned a level 2 spell: Searing Ray
   361 | D:1      | Reached skill level 6 in Conjurations
  1315 | D:2      | Reached XP level 3. HP: 19/19 MP: 3/7
  1805 | D:2      | Reached XP level 4. HP: 24/24 MP: 7/9
  2311 | D:2      | Found a burning altar of Makhleb.
  2311 | D:2      | Noticed a green death
  2634 | D:3      | Learned a level 4 spell: Iskenderun's Mystic Blast
  3566 | D:4      | Reached skill level 7 in Conjurations
  3591 | D:4      | Gained mutation: You can fly. [Tengu growth]
  3591 | D:4      | Reached XP level 5. HP: 28/28 MP: 4/11
  3729 | D:4      | Found a staircase to the Ecumenical Temple.
  3741 | Temple   | Entered the Ecumenical Temple
  3760 | Temple   | Became a worshipper of Vehumet
  4032 | D:4      | Found an iron altar of Okawaru.
  4090 | D:4      | Reached skill level 8 in Conjurations
  4090 | D:4      | Reached XP level 6. HP: 32/32 MP: 5/12
  4097 | D:4      | Learned a level 5 spell: Iskenderun's Battlesphere
  4579 | D:5      | Entered Level 5 of the Dungeon
  4827 | D:5      | Reached skill level 1 in Charms
  5405 | D:6      | Reached XP level 7. HP: 32/36 MP: 4/14
  6362 | D:6      | Reached * piety under Vehumet
  6362 | D:6      | Offered knowledge of Freeze by Vehumet.
  6706 | D:6      | Reached skill level 5 in Charms
  6706 | D:6      | Reached XP level 8. HP: 31/41 MP: 7/15
  7760 | D:7      | Reached skill level 9 in Conjurations
  7876 | D:7      | Found Ipaluwe's Antique Weapon Shoppe.
  7902 | D:7      | Reached ** piety under Vehumet
  7902 | D:7      | Offered knowledge of Sandblast by Vehumet.
  8260 | D:8      | Reached XP level 9. HP: 45/45 MP: 9/16
  8378 | D:8      | Noticed Menkaure
  8381 | D:8      | Killed Menkaure
  8898 | D:8      | Found a staircase to the Lair.
  9032 | D:8      | Offered knowledge of Inner Flame by Vehumet.
  9181 | D:8      | Noticed a two-headed ogre
  9192 | D:8      | Killed a two-headed ogre
  9192 | D:8      | Reached skill level 5 in Dodging
  9944 | D:9      | Reached XP level 10. HP: 28/50 MP: 4/17
 10247 | D:9      | Reached skill level 1 in Fighting
 10423 | D:9      | Reached *** piety under Vehumet
 11349 | D:10     | Entered Level 10 of the Dungeon
 11502 | D:10     | Noticed Erica
 11516 | D:10     | Killed Erica
 11683 | D:10     | Offered knowledge of Mephitic Cloud by Vehumet.
 11788 | D:10     | Reached skill level 5 in Fighting
 11934 | D:10     | Reached skill level 10 in Dodging
 12085 | D:10     | Noticed a hill giant
 12127 | D:10     | Killed a hill giant
 12127 | D:10     | Reached **** piety under Vehumet
 12127 | D:10     | Reached skill level 10 in Conjurations
 12304 | D:10     | Reached XP level 11. HP: 64/64 MP: 14/18
 12415 | D:10     | Found a staircase to the Orcish Mines.
 12486 | D:10     | Offered knowledge of Airstrike by Vehumet.
 12887 | Lair:1   | Entered Level 1 of the Lair of Beasts
 13243 | Lair:1   | Reached skill level 5 in Spellcasting
 13620 | Lair:1   | Got a pitted leather armour
 13621 | Lair:1   | Identified the +3 leather armour "Myokaz" {Str+2} (You found it on level 1 of the Lair of Beasts)
 14604 | Lair:2   | Reached skill level 11 in Conjurations
 14683 | Lair:2   | Found a staircase to the Snake Pit.
 15110 | Lair:2   | Reached ***** piety under Vehumet
 15498 | Lair:3   | Offered knowledge of Olgreb's Toxic Radiance by Vehumet.
 15508 | Lair:3   | Reached XP level 12. HP: 73/73 MP: 4/23
 16256 | Lair:3   | Found a glowing golden altar of the Shining One.
 16911 | Lair:3   | Noticed Snorg
 16961 | Lair:3   | Killed Snorg
 17163 | Lair:3   | Found a staircase to the Shoals.
 17924 | Lair:4   | Noticed a five-headed hydra
 17937 | Lair:4   | Killed a five-headed hydra
 17939 | Lair:4   | Noticed a five-headed hydra
 17946 | Lair:4   | Killed a five-headed hydra
 18061 | Lair:4   | Reached skill level 10 in Fighting
 18111 | Lair:4   | Noticed a death yak
 18230 | Lair:4   | Reached skill level 1 in Axes
 18620 | Lair:4   | Killed a death yak
 18762 | Lair:4   | Reached XP level 13. HP: 82/82 MP: 21/27
 18768 | Lair:4   | Reached skill level 12 in Conjurations
 18928 | Lair:4   | Reached skill level 5 in Axes
 19083 | Lair:5   | Noticed an entropy weaver
 19152 | Lair:4   | Reached skill level 1 in Evocations
 19971 | D:11     | Noticed Zebulonius's ghost (novice MiBe)
 19984 | D:11     | Killed Zebulonius's ghost
 20994 | D:11     | Offered knowledge of Yara's Violent Unravelling by Vehumet.
 21412 | D:11     | Reached skill level 5 in Evocations
 21938 | D:12     | Found a radiant altar of Vehumet.
 22274 | D:12     | Noticed Frances
 22287 | D:12     | Killed Frances
 22641 | Orc:1    | Entered Level 1 of the Orcish Mines
 22641 | Orc:1    | Noticed an orc warlord
 23338 | Lair:4   | Gained mutation: You can fly continuously. [Tengu growth]
 23338 | Lair:4   | Reached XP level 14. HP: 59/88 MP: 11/28
 23629 | Lair:5   | Noticed an entropy weaver
 23726 | Lair:5   | Noticed Monsterracer's ghost (journeyman MiBe)
 23868 | Lair:5   | Reached skill level 10 in Evocations
 23979 | Lair:4   | Offered knowledge of Poisonous Cloud by Vehumet.
 24052 | Lair:4   | Slain by an entropy weaver

Inventory:

Hand Weapons
 a - a +0 war axe of distortion (weapon)
Missiles
 e - 4 javelins (quivered)
 L - a throwing net
Armour
 q - a +2 hat (worn)
 x - a +2 robe of cold resistance (worn)
Jewellery
 f - a ring of protection from fire (right hand)
 n - an uncursed ring of positive energy
 r - an amulet of regeneration (around neck)
 u - an uncursed ring of fire
 w - an uncursed ring of wizardry
 T - a +3 ring of protection (left hand)
Wands
 d - a wand of hasting (3/9)
 h - a wand of confusion (24/48)
 m - a wand of lightning (7/15)
 o - a wand of polymorph (11/24)
 p - a wand of heal wounds (2/9)
 A - a wand of acid (12/15)
 H - a wand of enslavement (20/24)
 I - a wand of lightning (2/15)
 K - a wand of random effects (19/48)
 N - a wand of lightning (0/15)
 R - a wand of iceblast (7/15)
 U - a wand of heal wounds (5/9)
 V - a wand of paralysis (10/24)
Scrolls
 j - 5 scrolls of enchant armour
 k - 2 scrolls of recharging
 t - 9 scrolls of remove curse
 v - 4 scrolls of teleportation
 X - a scroll of magic mapping
Potions
 i - 2 potions of agility
 l - 3 potions of heal wounds
 y - 3 potions of haste
 z - 2 potions of flight
 C - a potion of invisibility
 D - 8 potions of curing
 E - 3 potions of lignification
 F - a potion of magic {unknown}
 G - a potion of mutation {unknown}
 J - a potion of might {unknown}
 M - a potion of cancellation {unknown}
 Q - 2 potions of berserk rage
Books
 b - a book of Conjurations

   Spells                             Type                      Level
   a - Magic Dart                     Conjuration                  1
   b - Searing Ray                    Conjuration                  2
   c - Dazzling Spray                 Conjuration/Hexes            3
   d - Fulminant Prism                Conjuration/Hexes            4
   e - Iskenderun's Mystic Blast      Conjuration                  4
   f - Iskenderun's Battlesphere      Conjuration/Charms           5
 s - a book of Party Tricks

   Spells                             Type                      Level
   a - Summon Butterflies             Summoning                    1
   b - Apportation                    Translocation                1
   c - Lesser Beckoning               Translocation                3
   d - Tukima's Dance                 Hexes                        3
   e - Alistair's Intoxication        Transmutation/Poison         5
   f - Invisibility                   Hexes                        6
 S - a book of Power

   Spells                             Type                      Level
   a - Fulminant Prism                Conjuration/Hexes            4
   b - Iskenderun's Mystic Blast      Conjuration                  4
   c - Venom Bolt                     Conjuration/Poison           5
   d - Bolt of Magma                  Conjuration/Fire/Earth       5
   e - Iron Shot                      Conjuration/Earth            6
   f - Orb of Destruction             Conjuration                  7
   g - Spellforged Servitor           Conjuration/Summoning        7
Miscellaneous
 B - a phial of floods
 O - a phantom mirror
Comestibles
 c - 10 bread rations
 g - 10 meat rations
 P - 5 chunks of flesh


   Skills:
 - Level 10.0 Fighting
 - Level 7.0 Axes
 - Level 10.0 Dodging
 - Level 2.0 Stealth
 - Level 9.0 Spellcasting
 - Level 12.3 Conjurations
 - Level 8.7 Charms
 + Level 10.1 Evocations


You had 19 spell levels left.
You knew the following spells:

 Your Spells              Type           Power        Failure   Level  Hunger
a - Magic Dart            Conj           ####         1%          1    None
b - Searing Ray           Conj           ######       1%          2    None
c - Iskenderun's Mystic   Conj           ######..     1%          4    ###....
d - Iskenderun's Battles  Conj/Chrm      #####...     1%          5    #####..


Dungeon Overview and Level Annotations

Branches:
Dungeon (12/15)            Temple (1/1) D:4            Lair (5/6) D:8
 Shoals (0/4) Lair:3        Snake (0/4) Lair:2          Orc (1/2) D:10
  Slime: Lair:5-6

Altars:
Ashenzari
Cheibriados
Dithmenos
Elyvilon
Fedhas
Gozag
Hepliaklqana
Kikubaaqudgha
Makhleb
Nemelex Xobeh
Okawaru
Qazlal
Ru
Sif Muna
Trog
Uskayaw
Vehumet
Xom
Yredelemnul
Zin
The Shining One

Shops:
D:7 (

Annotations:
D:5 cold
D:7 2 exclusions
Lair:5 Monsterracer's ghost, journeyman MiBe


Innate Abilities, Weirdness & Mutations

You have a beak for a mouth.
You have claws for feet.
You can fly continuously.

Vault maps used:
D:1:      roderic_octagonal_star, st_stairs_7
D:2:      makhleb_altar_promises_db
D:4:      okawaru_altar_gauntlet_db
D:5:      lemuel_ice_spiral_2, first_bread
D:6:      kennysheep_kobold_camp, minmay_holes, uniq_menkaure
D:7:      serial_shops, nicolae_shop_trees
D:8:      erik_lair_orcish_takeover
D:9:      hangedman_fish_farm, solitary_fountain
D:10:     zombieorc1_lemuel, grunt_decor_cap, uniq_erica
D:12:     basic_altar, einodemon_armed_red_devil_minivault, uniq_frances
Temple:   regret_index_temple_chain_breaker
Lair:2:   regret_index_bee_streams, guppyfry_snake_entry_island,
          small_statue_intersection
Lair:3:   elwin_shoals_entry_rooms, serial_forest, infiniplex_forest_clump_C,
          infiniplex_forest_lined_2, infiniplex_forest_straight_3,
          infiniplex_forest_clump_medium, infiniplex_forest_straight_5,
          infiniplex_forest_side_room, basic_altar, beast_lair_carwin_4,
          uniq_snorg
Lair:4:   beast_lair_carwin_10, infiniplex_staircase_pool_2
Lair:5:   nicolae_slime_entry_slimehenge, zaba_anthell
Orc:1:    nooodl_orcs_dogs


Message History

You butcher the yak corpse.
P - 5 chunks of flesh You see here a yak skeleton.
You start resting.
HP restored.
There is a stone staircase leading down, spattered with blood here.
You fly downwards.
Your summoned ally is left behind.
Your battlesphere wavers and loses cohesion.
Level annotation: Monsterracer's ghost, journeyman MiBe A soldier ant comes into view.
The soldier ant twitches its antennae in your direction.
The soldier ant closely misses you.
There is a stone staircase leading up here.
The entropy weaver twitches its antennae in your direction.
The soldier ant misses you.
You fly upwards.
There is a stone staircase leading down, spattered with blood here.
Casting: Magic Dart
Confirm with . or Enter, or press ? or * to list all spells.
You conjure a globe of magical energy.
The soldier ant stings you.
Casting: Iskenderun's Battlesphere
Confirm with . or Enter, or press ? or * to list all spells.
Aiming: Magic Dart
Press: ? - help, Shift-Dir - straight line, f - soldier ant
Aim: a soldier ant The magic dart hits the soldier ant.
The soldier ant is lightly wounded.
Your battlesphere fires!
The barrage of energy hits the soldier ant.
The soldier ant is lightly wounded.
The soldier ant stings you.
You are poisoned.
The soldier ant poisons you!
Casting: Magic Dart
Confirm with . or Enter, or press ? or * to list all spells.
Aiming: Magic Dart
Press: ? - help, Shift-Dir - straight line, f/p - soldier ant
Aim: a soldier ant (lightly wounded)
The magic dart hits the soldier ant.
The soldier ant is lightly wounded.
You feel sick.
Your battlesphere fires!
The barrage of energy hits the soldier ant.
The soldier ant is severely wounded.
The soldier ant stings you!
Casting: Magic Dart
Confirm with . or Enter, or press ? or * to list all spells.
Aiming: Magic Dart
Press: ? - help, Shift-Dir - straight line, f/p - soldier ant
Aim: a soldier ant (severely wounded)
The magic dart hits the soldier ant.
The soldier ant is severely wounded.
You feel sick.
Your battlesphere fires!
The barrage of energy hits the soldier ant.
You kill the soldier ant!
Vehumet accepts your kill.
Vehumet offers you knowledge of Poisonous Cloud.
You start resting.
You feel sick. x13
You are no longer poisoned.
You start resting.
HP restored.
You start resting.
Your battlesphere wavers and loses cohesion.
You start resting.
Magic restored.
You fly downwards.
Level annotation: Monsterracer's ghost, journeyman MiBe The entropy weaver mumbles some strange words.
The entropic weave corrodes you! The entropy weaver hits you!
The entropy weaver barely misses you. The entropy weaver hits you.
The entropy weaver closely misses you.
There is a stone staircase leading up here.
The entropy weaver casts a spell.
The entropic weave corrodes you!
You fly upwards.
There is a stone staircase leading down, spattered with blood here.
Okay, then.
Unknown command.
The entropy weaver drinks a potion.
The entropy weaver seems to speed up.
The entropy weaver hits you!
The entropy weaver completely misses you.
The entropy weaver hits you! The entropy weaver barely misses you.
The entropy weaver hits you. The entropy weaver hits you! x2
* * * LOW HITPOINT WARNING * * *
The entropy weaver closely misses you. The entropy weaver misses you.
The entropy weaver hits you!
* * * LOW HITPOINT WARNING * * *
The entropy weaver hits you.
* * * LOW HITPOINT WARNING * * *
The entropy weaver completely misses you.
Okay, then.
Press: ? - help, v - describe, . - travel
Here: an entropy weaver (fast)
The floor, spattered with blood.
Unknown command.
The entropy weaver mumbles some strange words.
The entropic weave corrodes you! The entropy weaver hits you!
You die...

..≈≈...PP.....(..#....##
≈≈≈≈≈≈..[.......#......#
≈≈≈≈≈≈≈≈.............###
≈≈≈≈≈≈≈≈..>.....#...##
≈≈.≈≈≈≈≈≈####P..#####
≈≈.>≈≈≈≈≈#####..P.#
≈≈..≈≈≈≈...#.#PP..#
≈≈≈≈≈≈≈≈≈..##...a##
≈≈≈≈≈≈≈.........@##
≈≈≈≈≈≈≈..P........##
.≈≈≈...............##.#
.##..............<...#
###.......P.....##...#
#..............###....#
...<.......##.#..#..###
....#......######.##.
............# ## #.


You could see an entropy weaver.

Vanquished Creatures
  Frances (D:12)
  Snorg (Lair:3)
  3 hydras
  Erica (D:10)
  The ghost of Zebulonius the Severer, a novice MiBe of Trog (D:11)
  A queen ant (Lair:5)
  2 death yaks (Lair:4)
  3 skeletal warriors (D:11)
  An unseen horror (D:10)
  4 hill giants
  An ugly thing (D:12)
  A siren (Lair:3)
  A black mamba (Lair:1)
  A gargoyle (D:11)
  7 spiny frogs
  4 rime drakes
  11 komodo dragons
  3 merfolk
  4 red devils (D:12)
  A polar bear (Lair:2)
  A troll (D:9)
  A two-headed ogre (D:8)
  A wolf spider simulacrum (D:12)
  5 blink frogs
  A hornet (D:11)
  5 hippogriffs
  34 yaks
  4 wyverns
  A basilisk (Lair:1)
  4 hungry ghosts
  Menkaure (D:8)
  2 nagas (Lair:2)
  17 soldier ants
  9 water moccasins
  2 wargs (D:8)
  8 porcupines
  2 ogres
  3 orc warriors
  3 ice beasts
  2 phantoms
  3 boggarts (D:11)
  6 wolves
  5 centaurs
  13 crocodiles
  2 big kobolds
  17 bullfrogs
  A water moccasin zombie (D:10)
  2 wyvern skeletons (D:9)
  5 scorpions
  2 troll zombies (D:10)
  10 killer bees
  4 howler monkeys
  9 wights
  An electric eel (Lair:3)
  6 crimson imps
  2 centaur zombies
  4 quasits
  2 bullfrog zombies
  3 centaur skeletons
  6 hounds
  A gnoll shaman (D:8)
  6 orc priests
  2 jellies (D:6)
  7 orc wizards
  3 bullfrog skeletons
  An iguana (D:11)
  27 worker ants
  3 ogre zombies (D:10)
  A hound zombie (D:9)
  A hound skeleton (D:8)
  A worker ant zombie (D:5)
  4 gnolls
  7 adders
  4 shadow imps
  3 adder skeletons
  5 worms
  2 dart slugs (D:1)
  8 leopard geckos
  48 orcs
  3 giant cockroaches
  11 goblins
  6 hobgoblins
  7 jackals
  10 quokkas
  A ball python (D:4)
  5 bats
  2 frilled lizards
  2 hobgoblin skeletons (D:10)
  2 hobgoblin zombies (D:10)
  A jackal skeleton (D:5)
  31 kobolds
  A leopard gecko zombie (D:7)
  3 orc skeletons (D:10)
  12 orc zombies (D:10)
  2 quokka skeletons
  5 rats (D:1)
  2 plants (Lair:3)
501 creatures vanquished.

Vanquished Creatures (others)
  A water moccasin (D:9)
  A centaur (D:6)
  A crimson imp (D:8)
  An ogre zombie (D:10)
  A bush (Lair:2)
  15 fungi
  14 plants
34 creatures vanquished.

Grand Total: 535 creatures vanquished

Action                   |  1- 3 |  4- 6 |  7- 9 | 10-12 | 13-15 || total
-------------------------+-------+-------+-------+-------+-------++-------
Melee: Dagger            |     9 |     5 |       |       |       ||    14
       Kick              |     1 |     3 |     5 |     8 |    16 ||    33
       Peck              |     1 |     2 |     4 |     8 |     5 ||    20
       War axe           |       |     8 |    28 |    38 |    40 ||   114
 Cast: Magic Dart        |    58 |    74 |   248 |   518 |   346 ||  1244
       Searing Ray       |     5 |    21 |    18 |    26 |    35 ||   105
       Iskenderun's Batt |       |       |    16 |    91 |    74 ||   181
       Iskenderun's Myst |       |       |       |     2 |     4 ||     6
 Abil: Fly               |       |       |       |     1 |     1 ||     2
Evoke: Wand              |       |       |       |       |     4 ||     4
  Use: Scroll            |       |       |    15 |    11 |     5 ||    31
       Potion            |       |       |       |     1 |       ||     1
 Stab: Sleeping          |     2 |     5 |     1 |       |       ||     8
       Distracted        |       |       |       |       |     1 ||     1
  Eat: Chunk             |     4 |    11 |    12 |    23 |    12 ||    62
       Beef jerky        |       |       |     4 |     1 |     1 ||     6
       Royal jelly       |       |       |     1 |     1 |     4 ||     6
       Fruit             |       |       |     2 |     3 |     7 ||    12
       Pizza             |       |       |     1 |     1 |       ||     2
       Bread ration      |       |       |       |     3 |     1 ||     4
       Meat ration       |       |       |       |     2 |     1 ||     3
Armor: Robe              |     1 |     7 |       |    19 |    25 ||    52
       Leather armour    |       |     5 |    26 |     3 |       ||    34
Dodge: Dodged            |     6 |    32 |    73 |   207 |   162 ||   480

Action                   |  1- 3 |  4- 6 |  7- 9 | 10-12 | 13-15 || total
-------------------------+-------+-------+-------+-------+-------++-------
Melee: Dagger            |     9 |     5 |       |       |       ||    14
       Kick              |     1 |     3 |     5 |     8 |    16 ||    33
       Peck              |     1 |     2 |     4 |     8 |     5 ||    20
       War axe           |       |     8 |    28 |    38 |    40 ||   114
 Cast: Magic Dart        |    58 |    74 |   248 |   518 |   346 ||  1244
       Searing Ray       |     5 |    21 |    18 |    26 |    35 ||   105
       Iskenderun's Batt |       |       |    16 |    91 |    74 ||   181
       Iskenderun's Myst |       |       |       |     2 |     4 ||     6
 Abil: Fly               |       |       |       |     1 |     1 ||     2
Evoke: Wand              |       |       |       |       |     4 ||     4
  Use: Scroll            |       |       |    15 |    11 |     5 ||    31
       Potion            |       |       |       |     1 |       ||     1
 Stab: Sleeping          |     2 |     5 |     1 |       |       ||     8
       Distracted        |       |       |       |       |     1 ||     1
  Eat: Chunk             |     4 |    11 |    12 |    23 |    12 ||    62
       Beef jerky        |       |       |     4 |     1 |     1 ||     6
       Royal jelly       |       |       |     1 |     1 |     4 ||     6
       Fruit             |       |       |     2 |     3 |     7 ||    12
       Pizza             |       |       |     1 |     1 |       ||     2
       Bread ration      |       |       |       |     3 |     1 ||     4
       Meat ration       |       |       |       |     2 |     1 ||     3
Armor: Robe              |     1 |     7 |       |    19 |    25 ||    52
       Leather armour    |       |     5 |    26 |     3 |       ||    34
Dodge: Dodged            |     6 |    32 |    73 |   207 |   162 ||   480
